Map: Ascension to Aiur LE

Players

SamuraiFunn - Winner!

  • Race: Protoss Protoss
  • Spawn Location: 11:00

A.I. 1 (Elite)

  • Race: Zerg Zerg
  • Spawn Location: 5:00

VOD

Have the link to the VOD?

Description

Time

  • Played on: Nov. 24, 2017, 3:48 p.m.
  • Length: 4:21
Show
View Real Time Build Order
Export as new Build Order

SamuraiFunn Protoss - Winner!

Build Orders:  

Get SALT Encoding   

  12  0:01  Probe  
  13  0:13  Probe  
  14  0:25  Probe  
  15  0:45  Pylon  
  15  0:54  Assimilator  
  15  1:03  Probe  
  16  1:13  Gateway  
  16  1:14  Gateway  
  16  1:19  Gateway  
  16  1:21  Probe  
  17  1:33  Probe  
  17  1:37  Pylon  
  18  1:51  Gateway  
  18  1:56  Probe  
  19  2:03  Cybernetics Core  
  19  2:04  Zealot x2  
  23  2:09  Zealot  
  25  2:20  Probe  
  26  2:31  Zealot  
  26  2:32  Probe  
  26  2:35  Zealot  
  31  2:49  Pylon  
  31  3:07  Zealot x4  
  39  3:16  Pylon  
  39  3:19  Pylon  
  29  3:49  Zealot  
  29  3:50  Zealot x3  
Show
View Real Time Build Order
Export as new Build Order

A.I. 1 (Elite) Zerg 

Build Orders: Pool First 

Get SALT Encoding   

  12  0:00  Drone  
  13  0:12  Overlord  
  13  0:16  Drone  
  14  0:30  Drone x2  
  14  0:34  Drone  
  17  0:47  Drone, Spawning Pool  
  17  1:10  Hatchery  
  16  1:14  Drone  
  16  1:16  Extractor  
  16  1:20  Drone  
  16  1:23  Extractor  
  16  1:25  Drone  
  17  1:31  Drone  
  18  1:38  Drone  
  19  1:48  Overlord  
  19  1:57  Queen  
  21  2:03  Zergling x2  
  22  2:10  Drone  
  23  2:22  Queen  
  23  2:29  Drone  
  26  2:34  Drone  
  27  2:39  Zergling x2  
  28  2:44  Zergling x2  
  28  2:48  Zergling x2  
  28  2:52  Zergling x2  
  28  2:57  Zergling x2  
  28  3:01  Zergling x2  
  27  3:06  Zergling x2  
  17  3:23  Drone  
  12  3:39  Drone  
  13  3:45  Drone  
Tags
 
Add a new tag
Caveats
  • Supply blocks, unpowered buildings, or Contaminate may cause inaccurate times.
  • Supply counts are checked every 10 seconds.